 Dungeon Crawl Stone Soup version 0.29.0-4-gdea44cf6ec (webtiles) character file.

Game seed: 5251605425177305475

11105 qw the Cleaver (level 11, 0/59 (66) HPs)
             Began as a Tengu Warper on Aug 28, 2022.
             Was a High Priest of Okawaru.
             Slain by a spectral orc knight
             ... wielding a +0 great sword
             ... summoned by Nergalle
              (2 damage)
             ... on level 10 of the Dungeon.
             The game lasted 00:01:25 (10558 turns).

qw the Cleaver (Tengu Warper)                      Turns: 10558, Time: 00:01:26

HP:   0/59 (66)     AC: 17    Str: 17    XL:     11   Next: 72%
MP:   17/18         EV: 13    Int: 15    God:    Okawaru [*****.]
Gold: 556           SH: 11    Dex: 15    Spells: 14/14 levels left

rFire   + . .      SeeInvis .   Y - +3 war axe
rCold   + . .      Faith    .   m - +0 buckler
rNeg    + . .      Spirit   .   d - +0 chain mail
rPois   +          Reflect  +   (helmet restricted)
rElec   .          Harm     .   e - +0 cloak of Insurance {Fly Regen+ Str+2}
rCorr   .          Rampage  .   c - +2 pair of gloves
Will    .....                   (boots unavailable)
Stlth   ..........              i - amulet of Scepticism {Reflect *Corrode rC+ rN+ Dex+2 SH+5}
HPRegen 0.99/turn               l - ring of poison resistance
MPRegen 0.16/turn               n - ring of protection from fire

@: heroic, flying quickly and evasively, heavily drained, quick
A: beak, talons 3, nimble flight
a: Renounce Religion, Heroism, Finesse, Duel


You were on level 10 of the Dungeon.
You worshipped Okawaru.
Okawaru was extremely pleased with you.
You visited 2 branches of the dungeon, and saw 11 of its levels.

You collected 758 gold pieces.
You spent 202 gold pieces at shops.


Innate Abilities, Weirdness & Mutations

You have a beak for a mouth.
You have claws for feet.
Your magical nature lets you fly swiftly and evasively.


   Skills:
 - Level 6.8(11.8) Fighting
 - Level 13.1(18.1) Axes
 + Level 1.1(6.1) Throwing
 - Level 6.3(11.3) Armour
 - Level 5.4(10.4) Dodging
 - Level 4.0(9.0) Shields
 - Level 2.0 Spellcasting
 - Level 2.4 Translocations
 + Level 8.0 Invocations


You had 14 spell levels left.
You didn't know any spells.
Your spell library contained the following spells:

 Spells                   Type           Power      Damage    Failure   Level
 Blink                    Tloc           16%        N/A       80%         2
 Gell's Gravitas          Tloc           8%         N/A       95%         3
 Lesser Beckoning         Tloc           8%         N/A       95%         3
 Teleport Other           Tloc           8%         N/A       95%         3
 Manifold Assault         Tloc           8%         N/A       100%        5

Inventory:

Hand Weapons
 q - a +2 flail of holy wrath
 Y - a +3 war axe (weapon)
Missiles
 b - a boomerang
 t - a silver javelin (quivered)
Armour
 c - a +2 pair of gloves (worn)
 d - a +0 chain mail (worn)
 e - the +0 cloak of Insurance (worn) {Fly Regen+ Str+2}
   (You acquired it on level 8 of the Dungeon)

   Str:       It affects your strength (+2).
   Fly:       It grants you flight.
   Regen:     It increases your rate of health regeneration.
 m - a +0 buckler (worn)
 s - a +0 plate armour
Jewellery
 i - the amulet of Scepticism (around neck) {Reflect *Corrode rC+ rN+ Dex+2 SH+5}
   (You acquired it on level 3 of the Dungeon)

   [amulet of reflection]

   It reflects blocked missile attacks.
   Dex:       It affects your dexterity (+2).
   rC:        It protects you from cold.
   rN:        It protects you from negative energy.
   *Corrode:  It may corrode you when you take damage.
   SH:        It affects your SH (+5).
 l - a ring of poison resistance (left hand)
 n - a ring of protection from fire (right hand)
 u - a +6 ring of dexterity
 v - the ring of Honuegaci {*Slow rC+ Str+6}
   (You found it on level 10 of the Dungeon)

   [ring of protection from cold]

   Str:       It affects your strength (+6).
   rC:        It protects you from cold.
   *Slow:     It may slow you when you take damage.
Scrolls
 a - 6 scrolls of identify
 p - 2 scrolls of teleportation
 r - 2 scrolls of enchant armour
Potions
 f - 3 potions of curing
 g - a potion of cancellation
 h - 4 potions of mutation
 j - 2 potions of resistance
 k - 2 potions of might
 o - a potion of haste

Dungeon Overview and Level Annotations

Branches:
Dungeon (10/15)            Temple (1/1) D:4
   Lair: D:8-11         Orc: D:9-12

Altars:
Ashenzari
Cheibriados
Dithmenos
Elyvilon
Fedhas
Gozag
Hepliaklqana
Kikubaaqudgha
Makhleb
Nemelex Xobeh
Okawaru
Qazlal
Ru
Sif Muna
Trog
Uskayaw
Vehumet
Wu Jian
Xom
Yredelemnul
Zin
The Shining One

Shops:
D:3 ((?!

Annotations:
D:10 Nergalle


Message History

You block the spectral orc knight's attack.
You hit Nergalle. You claw Nergalle, but do no damage.
You peck Nergalle, but do no damage.
Nergalle is lightly wounded.
Nergalle closely misses you.
You block the spectral orc knight's attack.
You slash Nergalle!
Nergalle is moderately wounded.
Nergalle hits you but does no damage.
You slash Nergalle!
Nergalle is heavily wounded.
The spectral orc knight barely misses you.
You barely miss Nergalle.
Nergalle is heavily wounded.
Nergalle casts a spell at you.
Orcish apparitions take form around you.
The spectral orc knight hits you from afar with a +0 halberd!
You hit Nergalle.
Nergalle is heavily wounded.
You hit the spectral orc warrior.
You hit the spectral orc knight but do no damage.
Nergalle gestures at you while chanting.
The bolt of negative energy hits you! You partially resist.
You feel drained.
The spectral orc knight hits you from afar with a +0 halberd!
You closely miss Nergalle. Your peck misses Nergalle.
Nergalle is heavily wounded.
You completely miss the spectral orc warrior.
You hit the spectral orc knight but do no damage.
The spectral orc warrior barely misses you.
The spectral orc knight hits you with a +0 great sword!
You partially resist.
You feel drained. Nergalle hits you with a +0 dagger.
You barely miss Nergalle. You claw Nergalle.
Nergalle is heavily wounded.
You hit the spectral orc warrior but do no damage.
You hit the spectral orc knight but do no damage.
The spectral orc knight closely misses you.
The spectral orc warrior misses you.
The spectral orc knight hits you with a +0 great sword!!
You partially resist.
You feel drained.
You die...

#.## #.....## #.#
###..### #.# ##.#
# #.# #.### #.#
#.##. #.# #.#..
#######.#
######....
......oZ#
##....%...# #@#
#..#####.## ####Z#
#.# #..?.
#.ZZZ######.#
#..##
#.###.....##.#
#.#.#
##.##.##.#####.##.
#................
#.##.##..####.###
#.###.###..# #.#
..# #.####.###.#


You could see Nergalle, 2 spectral orc warriors and 2 spectral orc knights.

Vanquished Creatures
  Harold (D:9)
  A two-headed ogre (D:9)
  A skeletal warrior (D:10)
  Pikel (D:7)
  A deep elf pyromancer (D:9)
  An unseen horror (D:10)
  A komodo dragon (D:10)
  Maggie (D:7)
  2 trolls
  A hornet (D:9)
  A queen bee (D:10)
  9 yaks
  A vampire (D:9)
  2 wyverns
  2 steam dragons
  An acid dragon (D:9)
  A sky beast (D:7)
  2 ice beasts
  2 orc warriors (D:9)
  An ogre (D:5)
  5 centaurs
  4 lemures (D:7)
  3 kobold brigands
  4 bullfrogs
  A gnoll sergeant (D:9)
  2 necrophages
  4 scorpions
  4 wights (D:8)
  30 killer bees
  3 howler monkeys (D:8)
  2 jellies
  8 orc priests
  3 hounds
  2 gnoll boudas
  Terence (D:2)
  4 iguanas
  15 orc wizards
  11 gnolls
  10 adders
  2 shadow imps
  2 white imps
  2 ufetubi
  2 worms
  4 dart slugs
  27 orcs
  7 ball pythons
  4 bats
  8 endoplasms
  6 giant cockroaches
  6 hobgoblins
  6 jackals
  2 quokkas
  2 frilled lizards (D:3)
  6 goblins
  13 kobolds
  A rat (D:1)
249 creatures vanquished.

Vanquished Creatures (others)
  22 plants
22 creatures vanquished.

Grand Total: 271 creatures vanquished

Notes
Turn   | Place    | Note
-------+----------+-------------------------------------------
     0 | D:1      | qw the Tengu Warper began the quest for the Orb.
     0 | D:1      | Reached XP level 1. HP: 12/12 MP: 4/4
     0 | D:1      | 0 ||| qw: Version: 0.1-a-89-g26bdef1
     0 | D:1      | 0 ||| qw: Game counter: 878
     0 | D:1      | 0 ||| qw: Always use a shield: true
     0 | D:1      | 0 ||| qw: God list: Okawaru
     0 | D:1      | 0 ||| qw: Allow faded altars: false
     0 | D:1      | 0 ||| qw: Do Orc after D:15 true
     0 | D:1      | 0 ||| qw: Do second Lair branch before Depths: true
     0 | D:1      | 0 ||| qw: Lair rune preference: random
     0 | D:1      | 0 ||| qw: Plans: Normal
     0 | D:1      | 0 ||| PLANNING D:1-11
   209 | D:1      | 209 ||| Stepping ~*~*~tactically~*~*~ (stealth).
   211 | D:1      | 211 ||| Stepping ~*~*~tactically~*~*~ (stealth).
   213 | D:1      | 213 ||| Stepping ~*~*~tactically~*~*~ (stealth).
   224 | D:1      | Reached XP level 2. HP: 17/17 MP: 6/6
   229 | D:1      | 229 ||| Stepping ~*~*~tactically~*~*~ (stealth).
   231 | D:1      | 231 ||| Stepping ~*~*~tactically~*~*~ (stealth).
   232 | D:1      | 232 ||| Stepping ~*~*~tactically~*~*~ (stealth).
   236 | D:1      | Reached skill level 3 in Axes
   295 | D:1      | 295 ||| DROPPING +0 club.
   366 | D:1      | HP: 3/17 [dart slug/slug dart (4)]
   949 | D:1      | 949 ||| UPGRADING to +0 chain mail.
   959 | D:1      | 959 ||| DROPPING +0 leather armour.
   960 | D:1      | 960 ||| DROPPING +0 ring mail.
   961 | D:1      | 961 ||| UPGRADING to +0 cloak.
   966 | D:1      | 966 ||| READING 2 scrolls labelled ZEBBOWONEI.
   967 | D:1      | 967 ||| READING scroll labelled WUONETSOCI.
   968 | D:1      | 968 ||| READING scroll labelled GAOFRI GOLOKAE.
   969 | D:1      | 969 ||| READING scroll labelled UGUFFA TACLA.
   970 | D:1      | 970 ||| DRINKING 2 coppery potions.
   971 | D:1      | 971 ||| DRINKING 2 fizzy blue potions.
   972 | D:1      | 972 ||| DROPPING scroll of blinking.
   973 | D:1      | 973 ||| DROPPING potion of flight.
  1015 | D:2      | 1015 ||| Stepping ~*~*~tactically~*~*~ (hiding).
  1016 | D:2      | 1016 ||| STAIRDANCE
  1121 | D:2      | 1121 ||| STAIRDANCE
  1126 | D:1      | Reached XP level 3. HP: 15/21 MP: 7/7
  1212 | D:2      | Reached skill level 4 in Axes
  1337 | D:2      | Found a faded altar of an unknown god.
  1374 | D:2      | Identified the +2 robe of the Sparrow {Will+}
  1442 | D:2      | Found a shimmering altar of Xom.
  1526 | D:2      | 1526 ||| Stepping ~*~*~tactically~*~*~ (stealth).
  1529 | D:2      | Reached XP level 4. HP: 26/26 MP: 8/8
  1541 | D:2      | HP: 4/26 [gnoll/+0 club (4)]
  1542 | D:2      | 1542 ||| DRINKING potion of heal wounds.
  1563 | D:2      | Reached skill level 5 in Axes
  1663 | D:2      | Noticed Terence
  1676 | D:2      | Killed Terence
  2063 | D:2      | 2063 ||| UPGRADING to +2 pair of gloves.
  2068 | D:2      | 2068 ||| READING 2 scrolls labelled PEYGEJ IVAYGH.
  2073 | D:2      | 2073 ||| READING scroll labelled YNLASI TYGAGE.
  2074 | D:2      | 2074 ||| READING 3 scrolls of identify.
  2074 | D:2      | 2074 ||| IDENTIFYING purple potion
  2075 | D:2      | 2075 ||| READING 2 scrolls of identify.
  2075 | D:2      | 2075 ||| IDENTIFYING emerald potion
  2163 | D:3      | Found Ygustroach's Magic Scroll Emporium.
  2237 | D:3      | Gained mutation: Your magical nature lets you fly swiftly
                  | and evasively. [Tengu growth]
  2237 | D:3      | Reached XP level 5. HP: 30/30 MP: 9/9
  2420 | D:3      | 2420 ||| READING scroll of enchant armour.
  2420 | D:3      | 2420 ||| ENCHANTING +0 cloak.
  2427 | D:3      | 2427 ||| READING scroll of enchant armour.
  2427 | D:3      | 2427 ||| ENCHANTING +1 cloak.
  2458 | D:3      | 2458 ||| Stepping ~*~*~tactically~*~*~ (stealth).
  2497 | D:3      | 2497 ||| Stepping ~*~*~tactically~*~*~ (stealth).
  2523 | D:3      | Found Fyfum's Weapon Boutique.
  2617 | D:3      | Found Jempuv's Weapon Shop.
  2626 | D:3      | 2626 ||| BUYING +0 war axe (45 gold).
  2626 | D:3      | Bought a +0 war axe for 45 gold pieces
  2626 | D:3      | 2626 ||| SWAPPING to +0 war axe.
  2627 | D:3      | 2627 ||| DROPPING +1 hand axe.
  2702 | D:3      | 2702 ||| BUYING scroll of enchant armour (82 gold).
  2702 | D:3      | Bought a scroll of enchant armour for 82 gold pieces
  2702 | D:3      | 2702 ||| BUYING scroll of teleportation (33 gold).
  2702 | D:3      | Bought a scroll of teleportation for 33 gold pieces
  2717 | D:3      | Found Sarhuon's Distillery.
  2726 | D:3      | 2726 ||| BUYING potion of curing (42 gold).
  2726 | D:3      | Bought a potion of curing for 42 gold pieces
  2726 | D:3      | 2726 ||| SHOPLISTING potion of haste (140 gold, have 4).
  2726 | D:3      | 2726 ||| SHOPLISTING potion of heal wounds (70 gold, have
                  | 4).
  2726 | D:3      | 2726 ||| SHOPLISTING potion of mutation (112 gold, have 4).
  2726 | D:3      | 2726 ||| SHOPLISTING potion of resistance (140 gold, have
                  | 4).
  2854 | D:3      | 2854 ||| READING scroll labelled TOQERPH GANOCE.
  2855 | D:3      | 2855 ||| READING scroll labelled ERHUSU XU GIUPT.
  2855 | D:3      | Identified a scroll of acquirement
  2855 | D:3      | 2855 ||| ACQUIRING amulet of Scepticism {Reflect *Corrode
                  | rC+ rN+ Dex+2 SH+5}
  2855 | D:3      | Acquired the amulet of Scepticism {Reflect *Corrode rC+ rN+
                  | Dex+2 SH+5}
  2857 | D:3      | 2857 ||| UPGRADING to amulet of Scepticism {Reflect
                  | *Corrode rC+ rN+ Dex+2 SH+5}.
  2862 | D:3      | 2862 ||| READING scroll labelled KEIROC ADUDUPN.
  2979 | D:3      | 2979 ||| DRINKING 3 lumpy brown potions.
  3001 | D:4      | Found a staircase to the Ecumenical Temple.
  3002 | D:4      | 3002 ||| PLANNING TEMPLE
  3004 | D:4      | 3004 ||| STAIRDANCE
  3013 | D:4      | 3013 ||| STAIRDANCE
  3018 | D:3      | Reached skill level 6 in Axes
  3040 | D:4      | 3040 ||| STAIRDANCE
  3047 | D:4      | 3047 ||| READING 2 scrolls of teleportation.
  3048 | D:4      | 3048 ||| STAIRDANCE
  3086 | D:4      | 3086 ||| STAIRDANCE
  3123 | D:4      | Reached XP level 6. HP: 32/35 MP: 10/10
  3152 | Temple   | Entered the Ecumenical Temple
  3152 | Temple   | Found a transporter.
  3152 | Temple   | Found a transporter.
  3154 | Temple   | Found a transporter.
  3154 | Temple   | Found a transporter.
  3164 | Temple   | 3164 ||| PLANNING D:1-11
  3228 | Temple   | Became a worshipper of Warmaster Okawaru
  3255 | D:4      | Found a sacrificial altar of Ru.
  3380 | D:4      | 3380 ||| DROPPING +0 whip.
  3462 | D:4      | 3462 ||| FLEEEEING.
  3468 | D:4      | 3468 ||| FLEEEEING.
  3485 | D:4      | Reached skill level 7 in Axes
  3559 | D:4      | 3559 ||| Stepping ~*~*~tactically~*~*~ (stealth).
  3561 | D:4      | 3561 ||| Stepping ~*~*~tactically~*~*~ (hiding).
  3858 | D:4      | 3858 ||| Stepping ~*~*~tactically~*~*~ (stealth).
  3863 | D:4      | 3863 ||| Stepping ~*~*~tactically~*~*~ (stealth).
  3927 | D:4      | Reached skill level 3 in Fighting
  3960 | D:4      | 3960 ||| Stepping ~*~*~tactically~*~*~ (stealth).
  4039 | D:4      | 4039 ||| Stepping ~*~*~tactically~*~*~ (hiding).
  4041 | D:4      | 4041 ||| Stepping ~*~*~tactically~*~*~ (hiding).
  4064 | D:4      | 4064 ||| DRINKING 2 murky dark potions.
  4105 | D:4      | 4105 ||| DRINKING 2 smoky brown potions.
  4106 | D:4      | 4106 ||| DROPPING potion of lignification.
  4128 | D:5      | Entered Level 5 of the Dungeon
  4132 | D:5      | 4132 ||| Stepping ~*~*~tactically~*~*~ (stealth).
  4138 | D:5      | Reached skill level 3 in Armour
  4138 | D:5      | Reached XP level 7. HP: 40/41 MP: 11/11
  4205 | D:5      | Reached * piety under Okawaru
  4223 | D:5      | Reached skill level 1 in Invocations
  4293 | D:5      | 4293 ||| READING scroll of enchant weapon.
  4293 | D:5      | 4293 ||| ENCHANTING +0 war axe.
  4343 | D:5      | 4343 ||| INVOKING Heroism.
  4376 | D:5      | 4376 ||| FLEEEEING.
  4615 | D:5      | 4615 ||| Stepping ~*~*~tactically~*~*~ (stealth).
  4617 | D:5      | 4617 ||| Stepping ~*~*~tactically~*~*~ (hiding).
  4809 | D:5      | Reached skill level 8 in Axes
  4820 | D:5      | Found a hide-covered altar of Uskayaw.
  4864 | D:5      | 4864 ||| DROPPING +0 flail.
  4895 | D:5      | 4895 ||| READING scroll labelled YCIAHE JOTIETZ.
  4896 | D:5      | 4896 ||| DRINKING 4 fizzy golden potions.
  4897 | D:5      | 4897 ||| READING 3 scrolls of identify.
  4897 | D:5      | 4897 ||| IDENTIFYING fizzy silvery potion
  4898 | D:5      | 4898 ||| DROPPING 3 potions of attraction.
  4938 | D:6      | 4938 ||| INVOKING Heroism.
  4952 | D:6      | Reached XP level 8. HP: 40/46 MP: 10/12
  4959 | D:6      | 4959 ||| INVOKING Heroism.
  4965 | D:6      | Reached skill level 3 in Invocations
  5021 | D:6      | 5021 ||| FLEEEEING.
  5022 | D:6      | 5022 ||| FLEEEEING.
  5023 | D:6      | 5023 ||| FLEEEEING.
  5024 | D:6      | 5024 ||| STAIRDANCE
  5026 | D:5      | 5026 ||| INVOKING Heroism.
  5149 | D:6      | 5149 ||| STAIRDANCE
  5151 | D:5      | 5151 ||| INVOKING Heroism.
  5229 | D:6      | 5229 ||| STAIRDANCE
  5282 | D:6      | 5282 ||| INVOKING Heroism.
  5288 | D:6      | Reached skill level 9 in Axes
  5324 | D:6      | 5324 ||| Stepping ~*~*~tactically~*~*~ (stealth).
  5325 | D:6      | 5325 ||| Stepping ~*~*~tactically~*~*~ (stealth).
  5335 | D:6      | Reached ** piety under Okawaru
  5392 | D:6      | 5392 ||| Stepping ~*~*~tactically~*~*~ (stealth).
  5399 | D:6      | 5399 ||| Stepping ~*~*~tactically~*~*~ (stealth).
  5404 | D:6      | 5404 ||| Stepping ~*~*~tactically~*~*~ (stealth).
  5418 | D:6      | 5418 ||| Stepping ~*~*~tactically~*~*~ (hiding).
  5454 | D:6      | 5454 ||| INVOKING Heroism.
  5457 | D:6      | 5457 ||| DRINKING 4 potions of curing.
  5457 | D:6      | 5457 ||| (to cure confusion)
  5473 | D:6      | 5473 ||| INVOKING Heroism.
  5693 | D:6      | Found a broken altar of Ashenzari.
  5714 | D:6      | Found a glowing golden altar of the Shining One.
  5716 | D:6      | Found a basalt altar of Yredelemnul.
  5717 | D:6      | Found a stormy altar of Qazlal.
  5937 | D:6      | 5937 ||| READING 2 scrolls of identify.
  5937 | D:6      | 5937 ||| IDENTIFYING puce potion
  6011 | D:7      | Reached skill level 10 in Axes
  6011 | D:7      | Reached XP level 9. HP: 52/52 MP: 13/13
  6146 | D:7      | 6146 ||| READING scroll labelled UCAKKA IVAU.
  6147 | D:7      | 6147 ||| READING 2 scrolls of teleportation.
  6208 | D:7      | Found an opulent altar of Gozag.
  6267 | D:7      | 6267 ||| INVOKING Heroism.
  6267 | D:7      | Noticed Pikel
  6268 | D:7      | 6268 ||| Stepping ~*~*~tactically~*~*~ (hiding).
  6292 | D:7      | 6292 ||| INVOKING Heroism.
  6303 | D:7      | Killed Pikel
  6439 | D:7      | Found an ornate altar of the Wu Jian Council.
  6443 | D:7      | 6443 ||| Stepping ~*~*~tactically~*~*~ (hiding).
  6445 | D:7      | 6445 ||| Stepping ~*~*~tactically~*~*~ (hiding).
  6524 | D:7      | Noticed Maggie
  6526 | D:7      | 6526 ||| INVOKING Heroism.
  6536 | D:7      | Killed Maggie
  6538 | D:7      | Reached *** piety under Okawaru
  6887 | D:7      | 6887 ||| INVOKING Heroism.
  7139 | D:7      | 7139 ||| Stepping ~*~*~tactically~*~*~ (stealth).
  7153 | D:7      | 7153 ||| READING 2 scrolls of teleportation.
  7155 | D:7      | 7155 ||| FLEEEEING.
  7156 | D:7      | 7156 ||| FLEEEEING.
  7240 | D:7      | 7240 ||| INVOKING Heroism.
  7297 | D:7      | 7297 ||| READING scroll of teleportation.
  7346 | D:7      | 7346 ||| Stepping randomly (stuck).
  7347 | D:7      | 7347 ||| Stepping randomly (stuck).
  7349 | D:7      | 7349 ||| Stepping randomly (stuck).
  7350 | D:7      | 7350 ||| Stepping randomly (stuck).
  7351 | D:7      | 7351 ||| Stepping randomly (stuck).
  7389 | D:7      | 7389 ||| Stepping ~*~*~tactically~*~*~ (stealth).
  7390 | D:7      | 7390 ||| Stepping ~*~*~tactically~*~*~ (stealth).
  7407 | D:7      | Reached skill level 11 in Axes
  7668 | D:8      | Reached XP level 10. HP: 57/60 MP: 14/14
  7704 | D:8      | 7704 ||| READING scroll of acquirement.
  7704 | D:8      | 7704 ||| ACQUIRING +0 cloak of Insurance {Fly Regen+ Str+2}
  7704 | D:8      | Acquired the +0 cloak of Insurance {Fly Regen+ Str+2}
  7706 | D:8      | 7706 ||| UPGRADING to +0 cloak of Insurance {Fly Regen+
                  | Str+2}.
  7716 | D:8      | 7716 ||| DROPPING +2 cloak.
  7884 | D:8      | 7884 ||| INVOKING Heroism.
  7939 | D:8      | 7939 ||| INVOKING Heroism.
  8156 | D:8      | 8156 ||| INVOKING Heroism.
  8157 | D:8      | 8157 ||| Stepping ~*~*~tactically~*~*~ (cloud).
  8160 | D:8      | 8160 ||| READING scroll labelled QECVIM IREFF.
  8169 | D:8      | 8169 ||| Stepping ~*~*~tactically~*~*~ (hiding).
  8171 | D:8      | 8171 ||| Stepping ~*~*~tactically~*~*~ (hiding).
  8204 | D:8      | 8204 ||| READING scroll of enchant weapon.
  8204 | D:8      | 8204 ||| ENCHANTING +1 war axe.
  8355 | D:8      | Found a bloodstained altar of Trog.
  8422 | D:8      | 8422 ||| READING 5 scrolls of identify.
  8422 | D:8      | 8422 ||| IDENTIFYING sedimented clear potion
  8423 | D:8      | 8423 ||| DROPPING potion of brilliance.
  8461 | D:8      | 8461 ||| Stepping randomly (stuck).
  8527 | D:8      | 8527 ||| Stepping randomly (stuck).
  8571 | D:9      | Paralysed by a hornet for 3 turns
  8573 | D:9      | Noticed Harold
  8575 | D:9      | 8575 ||| INVOKING Heroism.
  8577 | D:9      | Reached skill level 12 in Axes
  8585 | D:9      | HP: 14/60 [Harold/+0 scimitar (3)]
  8586 | D:9      | 8586 ||| DRINKING potion of heal wounds.
  8593 | D:9      | Killed Harold
  8594 | D:9      | Reached skill level 6 in Fighting
  8594 | D:9      | Reached **** piety under Okawaru
  8847 | D:9      | 8847 ||| Stepping ~*~*~tactically~*~*~ (stealth).
  8860 | D:9      | 8860 ||| Stepping ~*~*~tactically~*~*~ (stealth).
  8971 | D:9      | 8971 ||| INVOKING Heroism.
  8992 | D:9      | Noticed a deep elf pyromancer
  8999 | D:9      | 8999 ||| INVOKING Heroism.
  9002 | D:9      | Killed a deep elf pyromancer
  9029 | D:9      | 9029 ||| FLEEEEING.
  9092 | D:9      | 9092 ||| Stepping ~*~*~tactically~*~*~ (stealth).
  9093 | D:9      | 9093 ||| Stepping ~*~*~tactically~*~*~ (stealth).
  9096 | D:9      | 9096 ||| INVOKING Heroism.
  9153 | D:9      | Noticed a two-headed ogre
  9154 | D:9      | 9154 ||| Stepping ~*~*~tactically~*~*~ (hiding).
  9157 | D:9      | 9157 ||| Stepping ~*~*~tactically~*~*~ (stealth).
  9158 | D:9      | 9158 ||| INVOKING Heroism.
  9162 | D:9      | Killed a two-headed ogre
  9163 | D:9      | Reached skill level 13 in Axes
  9163 | D:9      | Reached XP level 11. HP: 26/66 MP: 13/16
  9174 | D:9      | Reached skill level 6 in Invocations
  9184 | D:9      | 9184 ||| FLEEEEING.
  9185 | D:9      | 9185 ||| FLEEEEING.
  9186 | D:9      | 9186 ||| FLEEEEING.
  9187 | D:9      | 9187 ||| FLEEEEING.
  9202 | D:9      | 9202 ||| FLEEEEING.
  9205 | D:9      | 9205 ||| FLEEEEING.
  9206 | D:9      | 9206 ||| FLEEEEING.
  9207 | D:9      | 9207 ||| FLEEEEING.
  9209 | D:9      | 9209 ||| FLEEEEING.
  9213 | D:9      | 9213 ||| FLEEEEING.
  9214 | D:9      | 9214 ||| FLEEEEING.
  9215 | D:9      | 9215 ||| FLEEEEING.
  9220 | D:9      | 9220 ||| FLEEEEING.
  9221 | D:9      | 9221 ||| FLEEEEING.
  9222 | D:9      | 9222 ||| FLEEEEING.
  9223 | D:9      | 9223 ||| FLEEEEING.
  9224 | D:9      | 9224 ||| STAIRDANCE
  9233 | D:8      | 9233 ||| UPGRADING to ring of poison resistance.
  9278 | D:9      | 9278 ||| INVOKING Heroism.
  9325 | D:9      | 9325 ||| READING scroll of enchant weapon.
  9325 | D:9      | 9325 ||| ENCHANTING +2 war axe.
  9345 | D:9      | 9345 ||| Stepping ~*~*~tactically~*~*~ (hiding).
  9352 | D:9      | 9352 ||| Stepping ~*~*~tactically~*~*~ (hiding).
  9385 | D:9      | 9385 ||| Stepping ~*~*~tactically~*~*~ (stealth).
  9387 | D:9      | 9387 ||| INVOKING Heroism.
  9585 | D:9      | 9585 ||| UPGRADING to +0 buckler.
  9590 | D:9      | 9590 ||| UPGRADING to ring of protection from fire.
  9591 | D:9      | 9591 ||| READING scroll labelled WIASUA XOTT.
  9592 | D:9      | 9592 ||| READING 5 scrolls of identify.
  9592 | D:9      | 9592 ||| IDENTIFYING glowing emerald potion
  9593 | D:9      | 9593 ||| DROPPING potion of berserk rage.
  9638 | D:10     | Entered Level 10 of the Dungeon
  9639 | D:10     | 9639 ||| STAIRDANCE
  9662 | D:10     | Reached skill level 1 in Shields
  9662 | D:10     | 9662 ||| STAIRDANCE
  9680 | D:10     | 9680 ||| STAIRDANCE
  9697 | D:10     | 9697 ||| STAIRDANCE
  9706 | D:9      | Reached ***** piety under Okawaru
  9722 | D:10     | 9722 ||| STAIRDANCE
  9747 | D:10     | 9747 ||| STAIRDANCE
  9903 | D:10     | 9903 ||| Stepping ~*~*~tactically~*~*~ (stealth).
  9935 | D:10     | 9935 ||| INVOKING Heroism.
  9938 | D:10     | 9938 ||| Stepping ~*~*~tactically~*~*~ (stealth).
  9944 | D:10     | Reached skill level 3 in Shields
  9971 | D:10     | Received a gift from Okawaru
  9991 | D:10     | 9991 ||| Stepping ~*~*~tactically~*~*~ (stealth).
  9996 | D:10     | 9996 ||| INVOKING Heroism.
 10055 | D:10     | Identified the ring of Honuegaci {*Slow rC+ Str+6}
 10077 | D:10     | Noticed a skeletal warrior
 10078 | D:10     | 10078 ||| Stepping ~*~*~tactically~*~*~ (stealth).
 10080 | D:10     | 10080 ||| INVOKING Heroism.
 10081 | D:10     | 10081 ||| Stepping ~*~*~tactically~*~*~ (stealth).
 10092 | D:10     | 10092 ||| Stepping ~*~*~tactically~*~*~ (stealth).
 10099 | D:10     | HP: 15/66 [skeletal warrior/+0 mace (17)]
 10100 | D:10     | 10100 ||| READING scroll of teleportation.
 10101 | D:10     | 10101 ||| DRINKING potion of heal wounds.
 10154 | D:10     | 10154 ||| Stepping randomly (disturbance).
 10155 | D:10     | 10155 ||| Stepping randomly (disturbance).
 10231 | D:10     | 10231 ||| INVOKING Heroism.
 10297 | D:10     | 10297 ||| Stepping ~*~*~tactically~*~*~ (stealth).
 10298 | D:10     | 10298 ||| INVOKING Heroism.
 10312 | D:10     | Killed a skeletal warrior
 10313 | D:10     | Reached skill level 6 in Armour
 10323 | D:10     | 10323 ||| Stepping ~*~*~tactically~*~*~ (stealth).
 10350 | D:10     | 10350 ||| Stepping ~*~*~tactically~*~*~ (stealth).
 10351 | D:10     | 10351 ||| INVOKING Heroism.
 10539 | D:10     | Noticed Nergalle
 10540 | D:10     | 10540 ||| Stepping ~*~*~tactically~*~*~ (hiding).
 10545 | D:10     | 10545 ||| INVOKING Heroism.
 10558 | D:10     | HP: 2/61 [spectral orc knight/+0 great sword[Nergalle]
                  | (19)]
 10558 | D:10     | Slain by a spectral orc knight

Levels and vault maps discovered:
D:1:      dpeg_arrival_fog, layout_loops_ring, serial_bayou_lagoon_a,
          minivault_26
D:2:      layout_loops_ring, basic_altar,
          hellmonk_ecumenical_altar_heavens_door, uniq_terence
D:3:      layout_basic, serial_shops, nicolae_shop_advertising_works
          [nicolae_subvault_shop_adworks], shop, nicolae_shop_stone, shop_statue
D:4:      layout_loops_ring, nicolae_ru_path_of_blood, minmay_temple_entry_glass
D:5:      layout_rooms, lemuel_tele_altar, amcnicky_mini_rare_corridor_liquid,
          dreamdust_wishing_well, hangedman_decor_clover_reticule
D:6:      layout_cave_pools, minitemple, serial_column_ruins, column_ruins_hut,
          column_ruins_corridor_straight, column_ruins_open_medium,
          column_ruins_grid_3, column_ruins_corridor_straight,
          column_ruins_corridor_straight
D:7:      layout_loops_ring, mainiacjoe_overflow_concentric_impassable,
          mainiacjoe_overflow_brackets, st_stairs_6, kennysheep_cluttered_room,
          minmay_puff, uniq_pikel, uniq_maggie
D:8:      layout_layer_cave, nicolae_overflow_hidden_temple
D:9:      minmay_the_grid_net [minmay_the_grid_outer_diamond,
          minmay_the_grid_garden, minmay_the_grid_empty,
          minmay_the_grid_plusring, minmay_the_grid_diamond_grid,
          minmay_the_grid_prize_inner_circle], layout_rooms, uniq_harold
D:10:     layout_loops_ring, special_room [special_room_bee],
          minmay_chambers_of_fives, uniq_nergalle
Temple:   hellmonk_temple_divided_pantheon

Skill      XL: |  1  2  3  4  5  6  7  8  9 10 11 |
---------------+----------------------------------+-----
Axes           | 3 4 5 6 7 8 10 11 13 | 13.1
Armour         | 2 3 5 6 |  6.3
Fighting       | 3 4 5 6 |  6.8
Invocations    | 2 4 5 8 |  8.0
Dodging        | 5 |  5.4
Shields        | 4 |  4.0
Throwing       | |  1.1
Spellcasting   | |  2.0
Translocations | |  2.4

Action                   |  1- 3 |  4- 6 |  7- 9 | 10-12 || total
-------------------------+-------+-------+-------+-------++-------
Melee: Hand axe          |    50 |    82 |       |       ||   132
       Peck              |    11 |    28 |    45 |    61 ||   145
       Kick              |     9 |    44 |    78 |   128 ||   259
       Punch             |     3 |     5 |     7 |     4 ||    19
       War axe           |       |    84 |   243 |   374 ||   701
Throw: Boomerang         |    12 |    80 |    36 |    33 ||   161
       Javelin           |       |       |       |     3 ||     3
Invok: Heroism           |       |       |    13 |    17 ||    30
  Use: Scroll            |     4 |    10 |     8 |     8 ||    30
       Potion            |     2 |     4 |     2 |     2 ||    10
Armor: Leather armour    |     3 |       |       |       ||     3
       Chain mail        |    27 |    90 |   137 |   131 ||   385
Dodge: Dodged            |    24 |    45 |    91 |   137 ||   297
Block: Other             |       |    18 |    46 |    29 ||    93
       Reflection        |       |       |     2 |     1 ||     3
       Buckler           |       |       |       |    74 ||    74

Table legend:
 A = Non-vault XP
 B = Vault XP
 C = Vault XP percentage of total XP
 D = Non-vault monster count
 E = Vault monster count
 F = Vault count percentage of total count
                 A         B        C        D         E       F
            +---------+---------+-------+---------+---------+-------
      Total |    7880 |    7985 |  50.3 |     198 |      47 |  19.2
            +---------+---------+-------+---------+---------+-------
        D:1 |      37 |       0 |   0.0 |      17 |       0 |   0.0
        D:2 |      84 |      36 |  30.0 |      14 |       1 |   6.7
        D:3 |     128 |       0 |   0.0 |      24 |       0 |   0.0
        D:4 |     329 |       0 |   0.0 |      26 |       0 |   0.0
        D:5 |     587 |       0 |   0.0 |      17 |       0 |   0.0
        D:6 |    1134 |       0 |   0.0 |      33 |       0 |   0.0
        D:7 |     659 |    1433 |  68.5 |       7 |       7 |  50.0
        D:8 |     934 |       0 |   0.0 |      14 |       0 |   0.0
        D:9 |    2672 |    3367 |  55.8 |      33 |      10 |  23.3
       D:10 |    1316 |    3149 |  70.5 |      13 |      29 |  69.0
            +---------+---------+-------+---------+---------+-------
